| TOP OF THE 1ST |
|
Tidewater Tides batting - Pitching for Buffalo Bisons : RHP Gary Hartsock
|
|
Pitching: RHP Gary Hartsock
|
|
|
Batting: RHB Juan Garcia
|
0-0: Ball 1-0: Swinging Strike 1-1: Swinging Strike 1-2: Foul Ball, location: 2F 1-2: Ball 2-2: Strikes out swinging
|
|
Batting: RHB German Rivera
|
0-0: Ball 1-0: Called Strike 1-1: Ball 2-1: Fly out, F9 (Flyball, 9D, EV 95.0 MPH)
|
|
Batting: RHB Brad Komminsk
|
0-0: Foul Ball, location: 2F 0-1: Foul Ball, location: 2F 0-2: Ball 1-2: Ball 2-2: SINGLE (Flyball, 8RS, EV 91.3 MPH)
|
|
Batting: LHB Dave Kable
|
0-0: Ball 1-0: Called Strike 1-1: Ball 2-1: DOUBLE (Line Drive, 78M, EV 95.6 MPH) Brad Komminsk to third Runner from 3rd tries for Home, SAFE, throw by LF to trailing runner, OUT at third! 7-3-5
|
| Top of the 1st over - 1 run, 2 hits, 0 errors, 0 left on base; Tidewater 1 - Buffalo 0 |
| BOTTOM OF THE 1ST |
|
Buffalo Bisons batting - Pitching for Tidewater Tides : RHP Oscar Brito
|
|
Pitching: RHP Oscar Brito
|
|
|
Batting: SHB George D Wright
|
0-0: Ball 1-0: Foul Ball, location: 2F 1-1: Swinging Strike 1-2: Fly out, F8 (Flyball, 8LD, EV 83.8 MPH)
|
|
Batting: LHB Gary Rajsich
|
0-0: Ball 1-0: Called Strike 1-1: Called Strike 1-2: Foul Ball, location: 2F 1-2: Ball 2-2: Fly out, F4 (Popup, 4M, EV 73.1 MPH)
|
|
Batting: RHB Bill Bathe
|
0-0: Ball 1-0: Ground out 1-3 (Groundball, 13S, EV 74.4 MPH)
|
| Bottom of the 1st over - 0 runs, 0 hits, 0 errors, 0 left on base; Tidewater 1 - Buffalo 0 |
| TOP OF THE 2ND |
|
Tidewater Tides batting - Pitching for Buffalo Bisons : RHP Gary Hartsock
|
|
Batting: RHB Mike Rex
|
0-0: Ground out 3-1 (Groundball, 13, EV 87.5 MPH)
|
|
Batting: RHB George Gomez
|
0-0: Called Strike 0-1: Swinging Strike 0-2: Foul Ball, location: 2F 0-2: Ball 1-2: Ball 2-2: Ball 3-2: Foul Ball, location: 2F 3-2: Foul Ball, location: 2F 3-2: Strikes out looking
|
|
Batting: RHB Thomas Walker
|
0-0: Ball 1-0: Fly out, F4 (Line Drive, 4, EV 65.0 MPH)
|
| Top of the 2nd over - 0 runs, 0 hits, 0 errors, 0 left on base; Tidewater 1 - Buffalo 0 |
| BOTTOM OF THE 2ND |
|
Buffalo Bisons batting - Pitching for Tidewater Tides : RHP Oscar Brito
|
|
Batting: LHB Gene Krug
|
0-0: Ball 1-0: Called Strike 1-1: Ball 2-1: Foul Ball, location: 2F 2-2: Strikes out looking
|
|
Batting: LHB Phillip Baskerville
|
0-0: Called Strike 0-1: Ball 1-1: Foul Ball, location: 2F 1-2: Strikes out swinging
|
|
Batting: RHB Pat Keedy
|
0-0: Ball 1-0: Ball 2-0: Ball 3-0: Base on Balls
|
|
Batting: RHB Carlos Matamoros
|
0-0: Called Strike Pat Keedy steals 2nd base (no throw) 0-1: Swinging Strike 0-2: Ball 1-2: Strikes out swinging
|
| Bottom of the 2nd over - 0 runs, 0 hits, 0 errors, 1 left on base; Tidewater 1 - Buffalo 0 |
| TOP OF THE 3RD |
|
Tidewater Tides batting - Pitching for Buffalo Bisons : RHP Gary Hartsock
|
|
Batting: SHB Julio Valdez
|
0-0: Called Strike 0-1: Ball 1-1: Ball 2-1: Ground out 6-3 (Groundball, 56, EV 107.5 MPH)
|
|
Batting: RHB Steve Liddle
|
0-0: Called Strike 0-1: Reached on error, E5 (Groundball, 56S, EV 66.9 MPH)
|
|
Batting: RHB Juan Garcia
|
0-0: Swinging Strike 0-1: Called Strike 0-2: Ball 1-2: Fly out, F3 (Line Drive, 3, EV 66.3 MPH)
|
|
Batting: RHB German Rivera
|
0-0: Called Strike 0-1: Called Strike 0-2: Ball 1-2: Ball 2-2: Fly out, F9 (Flyball, 9LS, EV 82.5 MPH)
|
| Top of the 3rd over - 0 runs, 0 hits, 1 error, 1 left on base; Tidewater 1 - Buffalo 0 |
| BOTTOM OF THE 3RD |
|
Buffalo Bisons batting - Pitching for Tidewater Tides : RHP Oscar Brito
|
|
Batting: RHB John Denman
|
0-0: Foul Ball, location: 2F 0-1: Swinging Strike 0-2: Ground out 6-3 (Groundball, 6M, EV 106.3 MPH)
|
|
Batting: RHB Nicholas Kintz
|
0-0: Foul Ball, location: 2F 0-1: Foul Ball, location: 2F 0-2: Ball 1-2: Ball 2-2: Strikes out swinging
|
|
Batting: SHB George D Wright
|
0-0: Ball 1-0: Ball 2-0: Ball 3-0: Called Strike 3-1: Called Strike 3-2: Base on Balls
|
|
Batting: LHB Gary Rajsich
|
0-0: Ball 1-0: SINGLE (Line Drive, 78S, EV 102.5 MPH) George D Wright to second
|
|
Batting: RHB Bill Bathe
|
0-0: Ball 1-0: Ball 2-0: Ball 3-0: Called Strike 3-1: Fly out, F9 (Flyball, 89XD, EV 93.1 MPH)
|
| Bottom of the 3rd over - 0 runs, 1 hit, 0 errors, 2 left on base; Tidewater 1 - Buffalo 0 |
| TOP OF THE 4TH |
|
Tidewater Tides batting - Pitching for Buffalo Bisons : RHP Gary Hartsock
|
|
Batting: RHB Brad Komminsk
|
0-0: Fly out, F4 (Popup, 23, EV 85.0 MPH)
|
|
Batting: LHB Dave Kable
|
0-0: Reached on error, E3 (Groundball, 3, EV 95.0 MPH)
|
|
Batting: RHB Mike Rex
|
0-0: Ball 1-0: Called Strike 1-1: Swinging Strike 1-2: Ball 2-2: Fielders Choice at 2nd, 6-4 (Groundball, 6S, EV 83.8 MPH)
|
|
Batting: RHB George Gomez
|
0-0: Ball 1-0: Foul Ball, location: 2F 1-1: Foul Ball, location: 2F 1-2: Fly out, F8 (Flyball, 8LXD, EV 91.9 MPH)
|
| Top of the 4th over - 0 runs, 0 hits, 1 error, 1 left on base; Tidewater 1 - Buffalo 0 |
| BOTTOM OF THE 4TH |
|
Buffalo Bisons batting - Pitching for Tidewater Tides : RHP Oscar Brito
|
|
Batting: LHB Gene Krug
|
0-0: Ball 1-0: Foul Ball, location: 2F 1-1: Ball 2-1: Called Strike 2-2: Foul Ball, location: 2F 2-2: Foul Ball, location: 2F 2-2: Ground out 4-3 (Groundball, 4M, EV 108.1 MPH)
|
|
Batting: LHB Phillip Baskerville
|
0-0: Foul Ball, location: 2F 0-1: Ball 1-1: Foul Ball, location: 2F 1-2: Ball 2-2: Ball 3-2: SINGLE (Groundball, 5D, EV 99.4 MPH)
|
|
Batting: RHB Pat Keedy
|
0-0: Called Strike 0-1: Ball 1-1: Foul Ball, location: 2F 1-2: SINGLE (Flyball, 89S, EV 91.9 MPH) Phillip Baskerville to second Runner from 2nd tries for 3rd, SAFE, throw by RF made to third
|
|
Batting: RHB Carlos Matamoros
|
0-0: Ball 1-0: Called Strike 1-1: Ball 2-1: Called Strike 2-2: Ball 3-2: Fielders Choice at 2nd, 3-6 (Groundball, 3, EV 76.9 MPH) Phillip Baskerville scores
|
|
Batting: RHB John Denman
|
0-0: Called Strike 0-1: Ball 1-1: Called Strike 1-2: Foul Ball, location: 2F 1-2: Foul Ball, location: 2F 1-2: Ball Carlos Matamoros steals 2nd base 2-2: Ground out 5-3 (Groundball, 56, EV 94.4 MPH)
|
| Bottom of the 4th over - 1 run, 2 hits, 0 errors, 1 left on base; Tidewater 1 - Buffalo 1 |
| TOP OF THE 5TH |
|
Tidewater Tides batting - Pitching for Buffalo Bisons : RHP Gary Hartsock
|
|
Batting: RHB Thomas Walker
|
0-0: Called Strike 0-1: Ball 1-1: Ball 2-1: Swinging Strike 2-2: Ball 3-2: Base on Balls
|
|
Batting: SHB Julio Valdez
|
0-0: Bunt missed! 0-1: Bunted foul 0-2: Ball 1-2: SINGLE (Groundball, 34, EV 106.9 MPH) Thomas Walker to second Runner from 2nd tries for 3rd, SAFE, throw by RF made to third
|
|
Batting: RHB Steve Liddle
|
0-0: Called Strike 0-1: Swinging Strike 0-2: Strikes out swinging
|
|
Batting: RHB Juan Garcia
|
0-0: Ball 1-0: Foul Ball, location: 2F 1-1: Ball 2-1: Fly out, F5 (Popup, 56, EV 63.8 MPH)
|
|
Batting: RHB German Rivera
|
0-0: Ball 1-0: TRIPLE (Line Drive, 89XD, EV 96.9 MPH) Thomas Walker scores Julio Valdez scores
|
|
Batting: RHB Brad Komminsk
|
0-0: Ball 1-0: Called Strike 1-1: Ball 2-1: Swinging Strike 2-2: Ball 3-2: Strikes out swinging
|
| Top of the 5th over - 2 runs, 2 hits, 0 errors, 1 left on base; Tidewater 3 - Buffalo 1 |
| BOTTOM OF THE 5TH |
|
Buffalo Bisons batting - Pitching for Tidewater Tides : RHP Oscar Brito
|
|
Batting: RHB Nicholas Kintz
|
0-0: SINGLE (Groundball, 4D, EV 105.0 MPH)
|
|
Batting: SHB George D Wright
|
0-0: Bunt missed! 0-1: Bunted foul 0-2: Ball 1-2: Fly out, F3 (Popup, 3S, EV 35.6 MPH)
|
|
Batting: LHB Gary Rajsich
|
0-0: Fielders Choice at 2nd, 3-6 (Groundball, 3, EV 85.0 MPH)
|
|
Batting: RHB Bill Bathe
|
0-0: Called Strike Gary Rajsich steals 2nd base 0-1: Foul Ball, location: 2F 0-2: Ball 1-2: Strikes out swinging
|
| Bottom of the 5th over - 0 runs, 1 hit, 0 errors, 1 left on base; Tidewater 3 - Buffalo 1 |
| TOP OF THE 6TH |
|
Tidewater Tides batting - Pitching for Buffalo Bisons : RHP Gary Hartsock
|
|
Batting: LHB Dave Kable
|
0-0: Ball 1-0: Swinging Strike 1-1: Ball 2-1: Ball 3-1: Base on Balls
|
|
Batting: RHB Mike Rex
|
0-0: Ball 1-0: Ball 2-0: Ball 3-0: Base on Balls Dave Kable to second
|
|
Batting: RHB George Gomez
|
0-0: Ball 1-0: Called Strike 1-1: Ball 2-1: Foul Ball, location: 2F 2-2: Foul Ball, location: 2F 2-2: Ball 3-2: Foul Ball, location: 2F 3-2: Foul Ball, location: 2F 3-2: DOUBLE (Groundball, 5L, EV 95.6 MPH) Dave Kable scores Mike Rex to third Runner from 3rd tries for Home, SAFE, throw by LF to home
|
|
Pitching: RHP Terry Clark
|
|
|
Batting: RHB Thomas Walker
|
0-0: Ball 1-0: Foul Ball, location: 2F 1-1: Called Strike 1-2: Ball 2-2: Foul Ball, location: 2F 2-2: Foul Ball, location: 2F 2-2: Ball 3-2: Fly out, F7 (Line Drive, 7, EV 92.5 MPH)
|
|
Batting: SHB Julio Valdez
|
0-0: Ball 1-0: Ball 2-0: Foul Ball, location: 2F 2-1: Fly out, F7 (Flyball, 78S, EV 87.5 MPH)
|
|
Batting: RHB Steve Liddle
|
0-0: Foul Ball, location: 2F 0-1: Fly out, F7 (Flyball, 78M, EV 76.9 MPH)
|
| Top of the 6th over - 2 runs, 1 hit, 0 errors, 1 left on base; Tidewater 5 - Buffalo 1 |
| BOTTOM OF THE 6TH |
|
Buffalo Bisons batting - Pitching for Tidewater Tides : RHP Oscar Brito
|
|
Batting: LHB Gene Krug
|
0-0: Ground out 4-3 (Groundball, 4S, EV 81.3 MPH)
|
|
Batting: LHB Phillip Baskerville
|
0-0: Fly out, F9 (Flyball, 9LS, EV 81.9 MPH)
|
|
Batting: RHB Pat Keedy
|
0-0: Ball 1-0: Ball 2-0: Called Strike 2-1: Foul Ball, location: 2F 2-2: Ball 3-2: Strikes out swinging
|
| Bottom of the 6th over - 0 runs, 0 hits, 0 errors, 0 left on base; Tidewater 5 - Buffalo 1 |
| TOP OF THE 7TH |
|
Tidewater Tides batting - Pitching for Buffalo Bisons : RHP Terry Clark
|
|
Batting: RHB Juan Garcia
|
0-0: Foul Ball, location: 2F 0-1: Ball 1-1: Ball 2-1: Called Strike 2-2: Foul Ball, location: 2F 2-2: Foul Ball, location: 2F 2-2: Ball 3-2: Ground out 6-3 (Groundball, 6M, EV 80.0 MPH)
|
|
Batting: RHB German Rivera
|
0-0: Ground out 6-3 (Groundball, 6S, EV 79.4 MPH)
|
|
Batting: RHB Brad Komminsk
|
0-0: Ball 1-0: Ball 2-0: Called Strike 2-1: Foul Ball, location: 2F 2-2: SINGLE (Groundball, 6M, EV 106.3 MPH) (infield hit)
|
|
Batting: LHB Dave Kable
|
0-0: Called Strike Pickoff Throw to First - Out! 1-3
|
| Top of the 7th over - 0 runs, 1 hit, 0 errors, 0 left on base; Tidewater 5 - Buffalo 1 |
| BOTTOM OF THE 7TH |
|
Buffalo Bisons batting - Pitching for Tidewater Tides : RHP Oscar Brito
|
|
Batting: RHB Carlos Matamoros
|
0-0: Ball 1-0: Ball 2-0: Ball 3-0: Called Strike 3-1: Base on Balls
|
|
Batting: RHB John Denman
|
0-0: Called Strike 0-1: Bunt missed! 0-2: Ball 1-2: Strikes out swinging
|
|
Batting: RHB Nicholas Kintz
|
0-0: Ball 1-0: Ball 2-0: Ball 3-0: Base on Balls Carlos Matamoros to second
|
|
Batting: SHB George D Wright
|
0-0: Called Strike 0-1: Ball 1-1: Ball Carlos Matamoros is caught stealing 3rd base 2-5 2-1: Fielders Choice at 2nd, 5-4 (Groundball, 56, EV 98.1 MPH)
|
| Bottom of the 7th over - 0 runs, 0 hits, 0 errors, 1 left on base; Tidewater 5 - Buffalo 1 |
| TOP OF THE 8TH |
|
Tidewater Tides batting - Pitching for Buffalo Bisons : RHP Terry Clark
|
|
Batting: LHB Dave Kable
|
0-0: Ball 1-0: SINGLE (Groundball, 4MD, EV 100.0 MPH)
|
|
Batting: RHB Mike Rex
|
0-0: Ball 1-0: Called Strike 1-1: Swinging Strike 1-2: Foul Ball, location: 2F 1-2: Fly out, F4 (Popup, 13, EV 86.9 MPH)
|
|
Pitching: LHP Buddy Black
|
|
|
Batting: RHB George Gomez
|
0-0: Fly out, F4 (Line Drive, 4, EV 61.3 MPH)
|
|
Batting: RHB Thomas Walker
|
0-0: Ball 1-0: Ball 2-0: Ball 3-0: Base on Balls Dave Kable to second
|
|
Batting: SHB Julio Valdez
|
0-0: Called Strike 0-1: Fly out, F6 (Flyball, 5D, EV 87.5 MPH)
|
| Top of the 8th over - 0 runs, 1 hit, 0 errors, 2 left on base; Tidewater 5 - Buffalo 1 |
| BOTTOM OF THE 8TH |
|
Buffalo Bisons batting - Pitching for Tidewater Tides : RHP Oscar Brito
|
|
Batting: LHB Gary Rajsich
|
0-0: Ball 1-0: Swinging Strike 1-1: Called Strike 1-2: Strikes out looking
|
|
Batting: RHB Bill Bathe
|
0-0: SINGLE (Groundball, 4MD, EV 96.3 MPH)
|
|
Batting: LHB Gene Krug
|
0-0: SINGLE (Line Drive, 8LS, EV 94.4 MPH) Bill Bathe to second Runner from 2nd tries for 3rd, SAFE, no throw by CF
|
|
Batting: LHB Phillip Baskerville
|
0-0: Ball 1-0: Foul Ball, location: 2F 1-1: Swinging Strike 1-2: Ball 2-2: Strikes out swinging
|
|
Batting: RHB Pat Keedy
|
0-0: Swinging Strike 0-1: 3-RUN HOME RUN (Flyball, 7LD, EV 91.9 MPH), Distance : 353 ft
|
|
Batting: RHB Carlos Matamoros
|
0-0: Ball 1-0: Fly out, F7 (Flyball, 7LS, EV 77.5 MPH)
|
| Bottom of the 8th over - 3 runs, 3 hits, 0 errors, 0 left on base; Tidewater 5 - Buffalo 4 |
| TOP OF THE 9TH |
|
Tidewater Tides batting - Pitching for Buffalo Bisons : LHP Buddy Black
|
|
Pitching: RHP Rollie Fingers
|
|
|
Batting: RHB Steve Liddle
|
0-0: TRIPLE (Flyball, 8LXD, EV 105.6 MPH)
|
|
Batting: RHB Juan Garcia
|
0-0: Fly out, F2 (Popup, 13S, EV 92.5 MPH)
|
|
Batting: RHB German Rivera
|
0-0: Ground out 5-3 (Groundball, 56S, EV 88.8 MPH)
|
|
Batting: RHB Brad Komminsk
|
0-0: Fly out, F9 (Flyball, 89S, EV 76.3 MPH)
|
| Top of the 9th over - 0 runs, 1 hit, 0 errors, 1 left on base; Tidewater 5 - Buffalo 4 |
| BOTTOM OF THE 9TH |
|
Buffalo Bisons batting - Pitching for Tidewater Tides : RHP Oscar Brito
|
|
Pitching: RHP Salome Barojas
|
|
|
Pinch Hitting: LHB Doe Boyland
|
0-0: Called Strike 0-1: Swinging Strike 0-2: SINGLE (Groundball, 34D, EV 98.1 MPH)
|
|
Batting: RHB Nicholas Kintz
|
0-0: Bunted foul 0-1: Ball 1-1: Ball 2-1: Ball 3-1: Bunt missed! 3-2: SINGLE (Groundball, 23, EV 83.1 MPH) (infield hit) Doe Boyland to second
|
|
Batting: SHB George D Wright
|
0-0: Sac Bunt to 15 - play at first, batter OUT! 1-3 Doe Boyland to third Nicholas Kintz to second
|
|
Batting: LHB Gary Rajsich
|
0-0: Intentional Walk
|
|
Batting: RHB Bill Bathe
|
0-0: Ball 1-0: Foul Ball, location: 2F 1-1: GRAND SLAM HOME RUN (Line Drive, 7D, EV 96.9 MPH), Distance : 373 ft
|
| Bottom of the 9th over - 4 runs, 3 hits, 0 errors, 0 left on base; Tidewater 5 - Buffalo 8 |
|